[Event "44th Indian Team Championship 2025"]
[Site "Gujarat"]
[Date "2025.03.05"]
[Round "1.10"]
[White "Salil, Kumar D."]
[Black "Harikrishnan.A.Ra"]
[Result "0-1"]
[Annotator "TA"]
[ECO "C02"]
[WhiteElo "1778"]
[BlackElo "2468"]
[PlyCount "134"]
[EventDate "2025.03.03"]
[EventCountry "IND"]
[SourceTitle "playchess.com"]
[Source "ChessBase"]
[SourceQuality "1"]
[TimeControl "5400+30"]

1. e4 e6 2. d4 d5 3. e5 c5 4. c3 Qb6 5. Nf3 Bd7 6. Be2 Bb5 7. O-O Bxe2 8. Qxe2 cxd4 9. cxd4 Nc6 10. Nc3 Nge7 {[%emt 0:00:23] C02: French: Advance Variation.} 11. Qb5 Nc8 12. Bg5 $146 (12. Qd3 Be7 13. Ne2 Qd8 14. Nf4 Nb6 15. Bd2 Nc4 16. Bc3 a6 17. b3 Na3 18. Bb2 {0-1 Reefat,B (2405)-Sevillano,E (2445) Olympiad-31 Moscow 1994 (6.3)}) 12... Bb4 {[%emt 0:01:41] The position is equal.} 13. Qa4 O-O 14. Ne2 Be7 15. Bxe7 N8xe7 16. b3 Rfc8 17. Rad1 Rc7 18. Rd2 Rac8 19. h3 h6 20. Rfd1 Qb4 21. Qxb4 Nxb4 22. Ne1 Kf8 23. g4 b6 24. Kg2 g5 25. f4 Ng6 26. fxg5 Nh4+ 27. Kf2 hxg5 28. Ng1 Kg7 29. Ngf3 (29. Ne2 $15) 29... Nxf3 $17 30. Nxf3 Kg6 31. h4 gxh4 32. Nxh4+ Kg7 33. Ng2 (33. g5 $17) 33... Rc2 $19 34. Ne3 Rxa2 35. Rxa2 Nxa2 {[%emt 0:00:06][%mdl 4096] Endgame KRN-KRN. Black is a pawn up.} 36. Ra1 Nc1 37. Rxa7 Nxb3 38. Ra4 Nd2 39. Rb4 {[%emt 0:01:14] [#]} (39. Ke2 $142 b5 40. Rb4) 39... Rc3 $1 40. Rb5 Rb3 41. Rxb3 Nxb3 {[%emt 0:00:02] KN-KN. Black is a pawn up.} 42. Nc2 Kg6 43. Ke3 (43. Kf3 {was necessary.}) 43... Kg5 44. Kf3 b5 45. Kg3 Nc1 46. Kf3 Na2 47. Na1 b4 48. Nb3 Nc3 49. Nc5 {[%emt 0:00:18] [#]} Ne4 $1 50. Nb3 Kh4 51. Kf4 Nf2 52. g5 Nh3+ 53. Ke3 Kxg5 54. Nc5 Nf4 55. Kd2 Kf5 56. Kc2 Ne2 57. Kd3 Ng3 58. Kc2 Kf4 59. Kd3 Kf3 60. Nb7 Ne4 {[%emt 0:00:47] White must now prevent ...Nf2+.} 61. Nd6 f5 {[%emt 0:00:12] Black mates.} 62. Nb7 f4 63. Nc5 Ng5 64. Nb3 Kg2 65. Nd2 f3 66. Kc2 f2 67. Kb3 Nf3 {[%emt 0:00:05] Weighted Error Value: White=0.44/Black=0.08 (flawless)   Mistake:       	White=4     	---        Inaccurate:     	White=6     	Black=1      OK:         	White=14    	Black=15     Best:        	White=1     	Black=3      Strong:       	---       	Black=1} 0-1

[Event "44th Indian Team Championship 2025"]
[Site "Gujarat"]
[Date "2025.03.05"]
[Round "1.11"]
[White "Raahul V S"]
[Black "Ajay Kumar Rai"]
[Result "1/2-1/2"]
[Annotator "TA"]
[ECO "A38"]
[WhiteElo "2389"]
[BlackElo "1795"]
[PlyCount "128"]
[EventDate "2025.03.03"]
[EventCountry "IND"]
[SourceTitle "playchess.com"]
[Source "ChessBase"]
[SourceQuality "1"]
[TimeControl "5400+30"]

1. c4 c5 2. Nc3 Nc6 3. Nf3 Nf6 4. g3 g6 5. Bg2 Bg7 6. d4 cxd4 7. Nxd4 O-O 8. Nc2 d6 9. O-O Bd7 10. b3 Qc8 11. Re1 {[%emt 0:00:42] A38: Symmetrical English vs ...g6: 4 Bg2 Bg7 5 Nf3 Nf6.} Rd8 12. Bb2 Bh3 13. e4 {[%emt 0:03:01] White has an edge.} Bxg2 14. Kxg2 Qg4 $146 (14... e6 15. Qc1 a6 16. Ne3 b5 17. cxb5 axb5 18. Nxb5 Qb7 19. Nc3 Nb4 20. Qb1 d5 {½-½ Schneider Zinner,H (2413)-Burlacu,B (2319) AUT-chT2O 1718 2017 (7.3)}) 15. f3 Qd7 16. Qe2 Ne8 17. Rad1 Qe6 18. Ne3 f6 (18... Rac8) 19. Ned5 (19. f4) 19... Qf7 $16 20. f4 e6 21. Ne3 f5 22. exf5 gxf5 23. Rd3 Rd7 24. Ba3 Bf8 ({Black should play} 24... Rad8 $14) 25. Nc2 Ng7 26. Nb5 Rad8 27. Red1 {[%emt 0:08:33] White is much more active.} d5 28. Bxf8 Kxf8 29. c5 Ne8 (29... Re7 $16) 30. Re1 {[%emt 0:02:03][%csl Oe6] White attacks a weakness} (30. Nbd4 $18) 30... Re7 (30... Nf6 $14) 31. Nbd4 Nxd4 32. Nxd4 (32. Rxd4 $6 Nf6 $14) 32... Nc7 (32... Nf6 $142 33. Qe5 (33. Nxe6+ Kg8 $17) 33... Rde8) 33. b4 Rde8 34. Qe5 {[%emt 0:00:15] Prevents Qf6} Qg7 35. Qd6 Kg8 36. b5 $2 ({White should try} 36. c6 $18 bxc6 37. Qxc6) 36... Nxb5 $1 $11 37. Nxb5 Qb2+ 38. Kh3 Qxb5 {[%emt 0:00:07] [#]} 39. Rxd5 exd5 (39... Kf7 {feels hotter.} 40. Rd3 Qc4 41. a3 Rc8) 40. Rxe7 Rxe7 41. Qxe7 {[%emt 0:00:03][%mdl 4096] Endgame KQ-KQ} Qc6 42. Qg5+ Qg6 $1 43. Qd8+ Kg7 44. Qe7+ Qf7 45. Qe5+ Kg6 (45... Kg8 $1 $11) 46. g4 $1 $16 h6 47. Kg3 $1 fxg4 48. Kxg4 Qd7+ {[%emt 0:05:26] [#]} (48... Kh7 $14) 49. f5+ $1 Kf7 {[%emt 0:00:04] [#]} 50. Kh5 (50. Qd6 $1 $16 h5+ 51. Kg5 (51. Kxh5 Qxf5+ 52. Kh4 Kg7 $11) 51... Qe7+ 52. Qxe7+ (52. Kxh5 Qe2+ 53. Kh4 Qe4+ 54. Kg5 Qe3+ 55. Qf4 d4 $11) 52... Kxe7 53. Kxh5) 50... d4 $11 {[%emt 0:01:27] The position is equal.} 51. Kxh6 {[%emt 0:00:18] Threatens to win with Qg7+.} d3 $1 52. Qg7+ Ke8 53. Qg8+ Ke7 54. Qg5+ Kf7 55. Qg7+ Ke8 56. Qh8+ Kf7 57. Qh7+ Ke8 58. Qg8+ Ke7 59. Kg5 Qd4 {[%emt 0:01:54] ...Qg1+ would now be deadly. Repels f6+} 60. Qh7+ (60. Qe6+ Kd8 61. f6 (61. Qf6+ $2 Qxf6+ 62. Kxf6 d2 $19) 61... Qxc5+ 62. Kh6 d2 63. Qg8+ Kc7 64. Qf7+ Kb6 65. Qb3+ Ka5 $17) 60... Kd8 61. Qxb7 (61. Qg8+ Kc7 62. Qf7+ Qd7 $19 (62... Kc6 63. Qe6+ Kb5 64. Qb3+ Kc6 65. Qe6+ Kxc5 66. f6 $15)) 61... d2 62. c6 Qd6 {[%emt 0:02:45] Against c7+} ({Inferior is} 62... d1=R 63. c7+ Ke8 64. c8=Q+ Qd8+ 65. f6 (65. Qxd8+ Kxd8 66. f6 Rg1+ 67. Kh6 Re1 $18) 65... Rg1+ 66. Kh6 Re1 67. f7+ Kf8 68. Qxd8+) 63. f6 (63. Qxa7 $2 {too greedy.} d1=Q (63... d1=B 64. Qa5+ Ke8 65. f6 $16) 64. Qa8+ Ke7 65. Qb7+ Kf8 66. Qc8+ Qd8+ 67. Qxd8+ Qxd8+ $19) 63... d1=Q {[%emt 0:01:10] ( -> ...Qg1+)} 64. Qa8+ Kc7 {[%emt 0:00:12] White really could win this.   Weighted Error Value: White=0.20 (precise) /Black=0.18 (very precise)   Missed win:     	White=1     	---        Mistake:       	White=3     	Black=7      Inaccurate:     	White=1     	Black=3      OK:         	White=17    	Black=14     Best:        	White=1     	Black=8      Strong:       	White=3     	Black=3      Brilliant:      	White=1     	---} 1/2-1/2

[Event "44th Indian Team Championship 2025"]
[Site "Gujarat"]
[Date "2025.03.05"]
[Round "1.12"]
[White "Himanshu, Moudgil"]
[Black "Sanket Chakravarty"]
[Result "0-1"]
[Annotator "TA"]
[ECO "D00"]
[WhiteElo "1741"]
[BlackElo "2326"]
[PlyCount "52"]
[EventDate "2025.03.03"]
[EventCountry "IND"]
[SourceTitle "playchess.com"]
[Source "ChessBase"]
[SourceQuality "1"]
[TimeControl "5400+30"]

1. g3 Nf6 2. Bg2 d5 3. d4 c5 4. c4 dxc4 5. Qa4+ Nc6 6. dxc5 {[%emt 0:00:44] D00: 1 d4 d5: Unusual lines.} e5 $146 ({Predecessor:} 6... Qa5+ 7. Qxa5 Nxa5 8. Bd2 Nc6 9. Na3 Be6 10. Nf3 Bd5 11. Rc1 e6 12. Nxc4 Bxc5 {1-0 Bjerre,J (2608)-Daneshvar,B (2490) Titled Tuesday intern op 12th Jul Early blitz 2022 (5)}) 7. Nc3 Bd7 8. Qxc4 {[%emt 0:00:58] The position is equal.} Qa5 9. Qb5 Qc7 10. Bg5 Nd4 {[%emt 0:06:30][%csl LRb5,LRc5] Black sacrificed a pawn} 11. Qxb7 Qxb7 (11... Nc2+ $6 12. Kf1 Qxb7 13. Bxb7 $16) 12. Bxb7 {[%emt 0:00:03] A sharp opening} Rb8 13. c6 Nxc6 (13... Nc2+ $5 14. Kd2 Nxa1 $15) 14. Ba6 (14. Bxc6 $11 Bxc6 15. Nf3) 14... Nb4 $36 {[%emt 0:01:50][%mdl 2048] Black is in control.} 15. Bd3 ({But not} 15. Bxf6 $2 gxf6 (15... Nxa6 16. Bxe5 Rxb2 17. Nf3 $14) 16. Bd3 Nxd3+ 17. exd3 Bc6 $19 (17... Rxb2 $2 18. Nge2 $19)) 15... Bc6 (15... Nxd3+ 16. exd3 Bc6 (16... Rxb2 $2 17. Nd1 $17) 17. f3) 16. f3 Nxd3+ 17. exd3 Rxb2 {[%emt 0:00:18] Black is more active.} 18. Rb1 Rxb1+ 19. Nxb1 Bc5 {[%emt 0:03:48] ...Ng4 would now be deadly. A strong pair of Bishops.} 20. Nc3 $2 {[%emt 0:06:00] [#]} (20. Bxf6 gxf6 21. Nd2) 20... Ng4 $19 21. h3 Nf2 22. Rh2 f6 23. Ne4 $2 (23. Bd2 {keeps fighting.} Nxd3+ 24. Kf1) 23... Nxe4 {[%emt 0:02:25] Black is clearly winning.} 24. dxe4 fxg5 25. Rc2 Bxg1 26. Rxc6 Kd7 {[%emt 0:00:05] Dodges Rc8.   Weighted Error Value: White=0.42/Black=0.07 (flawless)   Mistake:       	White=3     	---        Inaccurate:     	White=2     	Black=2      OK:         	White=8     	Black=14} 0-1

[Event "44th Indian Team Championship 2025"]
[Site "Gujarat"]
[Date "2025.03.05"]
[Round "1.13"]
[White "Parmod Kumar"]
[Black "Sriansh Das"]
[Result "0-1"]
[Annotator "TA"]
[ECO "D27"]
[WhiteElo "1744"]
[BlackElo "2286"]
[PlyCount "86"]
[EventDate "2025.03.03"]
[EventCountry "IND"]
[SourceTitle "playchess.com"]
[Source "ChessBase"]
[SourceQuality "1"]
[TimeControl "5400+30"]

1. d4 d5 2. c4 dxc4 3. e3 Nf6 4. Bxc4 e6 5. Nf3 a6 6. O-O Nbd7 7. Qe2 c5 8. a4 Be7 {[%emt 0:02:16] D27: Queen's Gambit Accepted: Classical main line: 7 e4!? and 7 a4.} 9. e4 O-O 10. dxc5 Nxc5 {[%emt 0:07:53] White is slightly better.} 11. Nc3 Bd7 $146 (11... a5 12. Rd1 Qb6 13. Bg5 Re8 14. e5 Nfd7 15. Bxe7 Rxe7 16. Nb5 Na6 17. Rd6 Qc5 18. Rad1 Nf8 19. Rd8 Nc7 20. Nxc7 Qxc7 21. Bb5 Rb8 22. Qd2 f6 23. Rc1 {1-0 Bjelobrk,I (2277)-Belletty,M Melbourne CC-ch 2003}) 12. e5 Nd5 13. Bxd5 exd5 14. Nxd5 Bxa4 15. Nxe7+ Qxe7 16. Bg5 {[%emt 0:00:18] Opposite bishops and equal position} Qd7 17. Qd2 (17. Qe3 $11 Ne6 18. Rfe1) 17... Qxd2 $15 18. Bxd2 {[%emt 0:02:35] Hoping for Bb4.} Bb5 19. Rfe1 Nd3 20. Reb1 Bc6 {[%emt 0:05:12] White is weak on the light squares} 21. Bc3 Bxf3 22. gxf3 Rfd8 {[%emt 0:04:10] Black is more active.} 23. Ra4 b5 24. Re4 (24. Ra5 $15 {is more appropriate.}) 24... a5 $1 $17 25. Kf1 {[%emt 0:06:24] [#]} Nc5 $1 26. Rd4 Rxd4 27. Bxd4 {[%emt 0:00:07][%mdl 4096] Endgame KRB-KRN} Nb3 28. Be3 {[%emt 0:01:25] Prevents Nd2+.} a4 29. Ke2 Kf8 30. Kd3 Rc8 31. f4 g6 32. Ke4 Ke7 33. h4 Ke6 (33... Rc4+ $17 34. Kd5 Rc8) 34. h5 {[%emt 0:00:23] [#] This costs White the game.} Rd8 $1 $19 ({Worse is} 34... gxh5 35. f5+ Ke7 36. Rd1 $11) (34... Rc4+ 35. Kd3 $17) 35. hxg6 (35. Kf3 {was worth a try.}) 35... hxg6 36. f5+ gxf5+ 37. Kf4 Rg8 38. Rd1 Rg4+ 39. Kf3 Kxe5 {[%emt 0:00:06] White must now prevent ...Nd4+.} 40. Rd7 (40. Ba7) 40... Nd4+ {[%emt 0:00:13] Black is clearly winning.} 41. Bxd4+ Rxd4 42. Rxf7 Rd3+ 43. Ke2 Rb3 {[%emt 0:00:31] Weighted Error Value: White=0.44/Black=0.08 (flawless)   Mistake:       	White=5     	Black=1      Inaccurate:     	White=3     	---        OK:         	White=13    	Black=10     Best:        	White=1     	Black=5      Strong:       	---       	Black=3} 0-1

[Event "44th Indian Team Championship 2025"]
[Site "Gujarat"]
[Date "2025.03.05"]
[Round "1.14"]
[White "Sahoo, Utkal Ranjan"]
[Black "Samarth Jain"]
[Result "1-0"]
[Annotator "TA"]
[ECO "E92"]
[WhiteElo "2268"]
[BlackElo "1800"]
[PlyCount "59"]
[EventDate "2025.03.03"]
[EventCountry "IND"]
[SourceTitle "playchess.com"]
[Source "ChessBase"]
[SourceQuality "1"]
[TimeControl "5400+30"]

1. d4 Nf6 2. c4 g6 3. Nc3 Bg7 4. e4 d6 5. Nf3 O-O 6. Be2 Nc6 7. Be3 e5 8. d5 Ne7 9. Nd2 Ne8 10. b4 f5 {[%emt 0:00:00][%cal Bf7f5,Bf5f4][%mdl 32] Threatens to win with ...f4.} 11. f3 $1 {[%emt 0:00:14] E92: King's Indian: Classical: 6 Be2 e5: 7 dxe5, 7 Be3 and Petrosian System without 7...Nbd7.} Rf7 12. c5 Bf8 13. Nc4 {[%emt 0:03:52] White is better.} f4 14. Bf2 g5 15. cxd6 cxd6 16. Nb5 b6 17. a4 Ba6 $146 (17... Ng6 18. a5 Ba6 19. Nba3 b5 20. Nd2 Rc8 21. Bxb5 Bxb5 22. Nxb5 a6 23. Na7 Nh4 {1-0 Maksimovic,M (2155)-Stojkovic,M (2062) Belgrade-ch 2009 (7)}) 18. Qb3 (18. Nbxd6 $16 Nxd6 19. Nxd6 (19. Nxe5 Bxe2 20. Qxe2 Rg7 $11) 19... Qxd6 20. Bxa6 Qxb4+ 21. Qd2) 18... Bxb5 $1 $11 19. axb5 Nc8 20. h4 {[%emt 0:04:13] Black is weak on the light squares} h6 21. hxg5 {[%emt 0:01:26] White has strong rooks and is better} hxg5 22. Kd2 Rb8 (22... Ne7 $142) 23. g3 $1 $16 {[%emt 0:04:15] White has more active pieces. The black rooks are passive.} Rbb7 24. gxf4 gxf4 (24... exf4 $142 25. Qd3 Rh7) 25. Rag1+ $18 Rg7 (25... Bg7 {was called for.} 26. Bf1 Nc7) 26. Nxe5 $1 dxe5 {[%emt 0:07:10] [#]} (26... Qf6 $18 27. Ng4 Rxg4) 27. d6+ $1 Rbf7 {[%emt 0:00:19] [#]} 28. Qxf7+ $3 {[%emt 0:00:12][%mdl 512] White mates.} Kxf7 29. Bc4+ Kf6 30. Bh4+ {[%emt 0:00:04] Weighted Error Value: White=0.09 (flawless) /Black=0.77  Missed win:     	---       	Black=1      Mistake:       	White=1     	Black=4      Inaccurate:     	---       	Black=4      OK:         	White=6     	Black=3      Strong:       	White=3     	Black=1} 1-0

[Event "44th Indian Team Championship 2025"]
[Site "Gujarat"]
[Date "2025.03.05"]
[Round "1.15"]
[White "Vyom Malhotra"]
[Black "Sidhant, Mohapatra"]
[Result "1-0"]
[Annotator "TA"]
[ECO "C50"]
[WhiteElo "1901"]
[BlackElo "2382"]
[PlyCount "109"]
[EventDate "2025.03.03"]
[EventCountry "IND"]
[SourceTitle "playchess.com"]
[Source "ChessBase"]
[SourceQuality "1"]
[TimeControl "5400+30"]

1. e4 e5 2. Nf3 Nc6 3. Bc4 Bc5 4. d3 Nf6 5. Nc3 h6 6. h3 a6 7. O-O d6 8. Be3 Bxe3 9. fxe3 Na5 10. Bb3 Nxb3 11. axb3 O-O 12. Qe1 c6 {[%emt 0:00:31] C50: Hungarian Defence and Giuoco Pianissimo.} 13. Ne2 b5 $146 (13... Qe7 14. Ng3 d5 15. Nh4 g6 16. Nf3 dxe4 17. dxe4 c5 18. Qc3 Nd7 19. Rf2 b6 20. Rd1 {1-0 Maulana,F (1794)-Berata,I (1528) Surabaya Cap Kapal op 2024 (8)}) 14. b4 Qe7 {[%emt 0:01:53] The position is equal.} 15. Ng3 d5 16. exd5 cxd5 17. d4 exd4 18. exd4 Qc7 19. c3 Re8 20. Ne2 (20. Ne5 $14) 20... Ne4 21. Qh4 f6 {[%emt 0:07:02] Inhibits Ne5.} 22. Qf4 Qc4 23. Ng3 Bd7 (23... g5 $11 24. Qe3 Qc7 (24... Nxg3 $2 25. Qxe8+ Kg7 26. Qe7+ Kg8 27. Ne5 $18) (24... Bxh3 25. Nd2 $18) 25. Nxe4 dxe4) 24. Nd2 $14 Nxd2 25. Qxd2 Qc7 26. Nh5 Re7 27. Rfe1 Re4 28. Rxe4 dxe4 29. Qf4 $1 Qxf4 30. Nxf4 {[%emt 0:00:02][%mdl 4096] Endgame KRB-KRN} f5 ({Better is} 30... Kf7 $14) 31. h4 $16 {[%emt 0:00:45][%cal Bh3h4,Bh4h5][%mdl 32] White is more active.} Kf7 32. h5 Bc6 (32... Ke7 $16) 33. Kf2 $18 Bb7 34. Ke3 Kf6 (34... Rc8 $142 35. Rc1 Ra8) 35. b3 $1 Rc8 36. Rc1 Bc6 37. g3 Be8 38. c4 bxc4 39. bxc4 Bf7 40. c5 Rb8 41. Rb1 Rb5 42. c6 Ke7 43. d5 Kd6 (43... Bxd5 $142 44. Rc1 (44. Nxd5+ Rxd5 45. g4 Rd3+ 46. Kf4 Rf3+ 47. Ke5 fxg4 $15) 44... Bxc6) 44. Rc1 {[%emt 0:00:26] White wants to mate with c7.} Rb8 45. c7 Rc8 46. Rc6+ Kd7 47. Rxa6 Rxc7 {[%emt 0:00:05] [#]} 48. g4 $2 fxg4 $11 49. Kxe4 g3 $2 (49... Rc4+ $1 $11 {and Black has nothing to worry.} 50. Kf5 Rxb4) 50. Kf3 $2 (50. Ke5 $1 $18) 50... Rc3+ 51. Kg2 Be8 52. Ne6 {[%emt 0:01:14] and Nc5+ should not be overlooked} Bxh5 53. Nc5+ $1 Kd8 $2 {[%emt 0:00:17] [#]} (53... Ke8 $1 $14 54. Ra8+ Kf7 55. Ra7+ Kf8 (55... Kg6 56. d6 $18)) 54. Ra8+ $1 $18 {[%emt 0:00:03][%mdl 1024] White has strong compensation.} Kc7 $2 {[%emt 0:00:08] [#]} (54... Ke7) 55. d6+ $1 {[%emt 0:01:01][%mdl 512] Weighted Error Value: White=0.21 (precise) /Black=0.45  Loses game:     	---       	Black=1      Missed win:     	White=1     	---        Mistake:       	White=2     	Black=7      Inaccurate:     	White=2     	Black=3      OK:         	White=14    	Black=7      Best:        	White=4     	Black=6      Strong:       	White=4     	---        Brilliant:      	White=1     	---} 1-0

[Event "44th Indian Team Championship 2025"]
[Site "Gujarat"]
[Date "2025.03.05"]
[Round "1.16"]
[White "Nayak Rajesh"]
[Black "Sahil Bheron"]
[Result "1-0"]
[Annotator "TA"]
[ECO "C02"]
[WhiteElo "2278"]
[BlackElo "1924"]
[PlyCount "61"]
[EventDate "2025.03.03"]
[EventCountry "IND"]
[SourceTitle "playchess.com"]
[Source "ChessBase"]
[SourceQuality "1"]
[TimeControl "5400+30"]

1. e4 e6 2. d4 d5 3. e5 c5 4. c3 Nc6 5. Nf3 Bd7 6. Be2 Nge7 7. O-O Nf5 8. g4 {[%emt 0:11:04] C02: French: Advance Variation.} (8. Bd3 $11) 8... Nh4 $15 9. Nxh4 Qxh4 10. f4 {[%emt 0:00:31] The position is equal.} Qd8 11. Be3 Qb6 12. Qd2 $146 (12. Na3 cxd4 13. cxd4 a6 14. Nc2 f5 15. gxf5 exf5 16. Rb1 Nd8 17. Bf3 Bc6 18. b4 {1-0 Paichadze,L (2504)-Durarbayli,V (2627) Titled Tuesday intern op 02nd Apr Early blitz 2024 (7)}) 12... h5 13. gxh5 O-O-O {[%emt 0:01:38] Black sacrificed a pawn} 14. Kh1 Kb8 15. Rg1 Rc8 16. Bf3 (16. dxc5 {keeps more tension.} Bxc5 17. Bxc5 Qxc5 18. b4) 16... cxd4 17. cxd4 Ne7 18. Nc3 Nf5 19. Bf2 Be8 20. Rac1 f6 $2 {[%emt 0:03:07] [#]} (20... g6 $11 {and Black has nothing to worry.}) 21. Nxd5 $1 $18 Qd8 {[%emt 0:15:30] And now ...Rxc1 would win.} 22. Rxc8+ Qxc8 {[%emt 0:00:50] [#]} 23. Ne3 $1 ({Weaker is} 23. Rc1 Bc6 $16) 23... Bxh5 (23... Ne7 $142 24. Rc1 Qd7) 24. Bg2 Nxe3 (24... Nxd4 $142 25. Qxd4 Bc5) 25. Qxe3 {[%emt 0:00:18] Hoping for d5.} Be8 26. Rc1 Bc6 {[%emt 0:01:22] [#]} 27. d5 $1 exd5 (27... Bc5 28. Qxc5) 28. Qxa7+ Kc7 29. Bxd5 Kd8 30. Bb6+ (30. Rxc6 $142 Qxc6 31. Bxc6 Rxh2+ 32. Kxh2 bxc6 33. e6 Kc8 34. Bb6 (34. Qf7 c5 35. Qxf8+ Kc7 36. Qxc5+ Kd8 37. Qd5+ Kc8 38. Ba7 g6 39. Qd7#) 34... Bd6 35. Qa8+ Bb8 36. Qa6#) 30... Ke8 {[%emt 0:00:25] [#]} 31. Rxc6 $1 {[%emt 0:00:14] Weighted Error Value: White=0.31/Black=1.46  Loses game:     	---       	Black=1      Mistake:       	---       	Black=2      Inaccurate:     	White=2     	Black=5      OK:         	White=9     	Black=6      Best:        	White=2     	---        Strong:       	White=1     	---        Brilliant:      	White=1     	---} 1-0

[Event "44th Indian Team Championship 2025"]
[Site "Gujarat"]
[Date "2025.03.05"]
[Round "1.17"]
[White "Sree Shaunak Chanda"]
[Black "Vatsal Makol"]
[Result "1/2-1/2"]
[Annotator "NA RC"]
[ECO "E41"]
[WhiteElo "2015"]
[BlackElo "1788"]
[PlyCount "80"]
[EventDate "2025.03.03"]
[EventCountry "IND"]
[SourceTitle "playchess.com"]
[Source "ChessBase"]
[SourceQuality "1"]
[TimeControl "5400+30"]

1. d4 Nf6 2. c4 e6 3. Nc3 Bb4 4. e3 Bxc3+ 5. bxc3 c5 6. Bd3 d6 7. Ne2 Nc6 8. O-O b6 9. e4 Bb7 10. f4 Qe7 11. d5 Na5 12. Ng3 O-O-O 13. Re1 g6 14. Nf1 Rhe8 15. Bb2 Ba6 16. Ne3 exd5 17. Nxd5 Nxd5 18. cxd5 Qb7 19. Qe2 c4 20. Bc2 f5 21. Ba3 Qc7 22. Rad1 fxe4 23. Bxe4 Kb8 24. Qf2 Nb7 25. Bf3 Nc5 26. Bxc5 Qxc5 27. g3 Qxf2+ 28. Kxf2 b5 29. g4 Kc7 30. Kg3 Kb6 31. f5 gxf5 32. Rxe8 Rxe8 33. gxf5 Kc5 34. Kf4 Bb7 35. f6 Rf8 36. Kf5 Bc8+ 37. Kg5 Rg8+ 38. Kh4 Rf8 39. Kg5 Rg8+ 40. Kh4 Rf8 1/2-1/2

[Event "44th Indian Team Championship 2025"]
[Site "Gujarat"]
[Date "2025.03.05"]
[Round "1.18"]
[White "Akshat Negi"]
[Black "Challa Saharsha"]
[Result "1-0"]
[Annotator "TA"]
[ECO "B28"]
[WhiteElo "1849"]
[BlackElo "2096"]
[PlyCount "77"]
[EventDate "2025.03.03"]
[EventCountry "IND"]
[SourceTitle "playchess.com"]
[Source "ChessBase"]
[SourceQuality "1"]
[TimeControl "5400+30"]

1. e4 c5 2. Nf3 a6 3. c3 d5 4. exd5 Qxd5 5. d4 e6 6. Be3 Nd7 {[%emt 0:00:10] B28: Sicilian: 2 Nf3 a6 (O'Kelly Variation).} 7. c4 Qc6 8. Nc3 Ngf6 {[%emt 0:00:50] The position is equal.} 9. h3 $146 ({Predecessor:} 9. Be2 b6 10. d5 exd5 11. cxd5 Qc7 12. O-O Bd6 13. a4 O-O 14. h3 Re8 15. Re1 {1-0 Vitiugov,N (2724)-Sielecki,C (2419) Titled Tuesday intern op 23rd May Early blitz 2023 (6)}) 9... Be7 10. Be2 O-O 11. O-O b6 12. Ne5 Qc7 13. Bf3 Bb7 (13... cxd4 {seems wilder.} 14. Qxd4 Bb7 15. Nxd7 Nxd7 16. Rfd1 Rad8) 14. Bxb7 Qxb7 15. Nxd7 Nxd7 16. d5 Bf6 17. dxe6 fxe6 18. Qc2 Bd4 19. Rfe1 e5 20. Nd5 Rf7 ({Black should try} 20... Kh8 $11) 21. Bxd4 $14 {[%emt 0:01:46][%csl Od5] Strong Square White (d5)} exd4 {[%emt 0:04:11] [#]} 22. Re6 $1 Raf8 23. Rae1 {[%emt 0:01:15] White has strong rooks and is better} b5 (23... Rxf2 $2 24. Qxf2 Rxf2 25. Kxf2 $18) 24. b3 (24. Re7 $16) 24... Nf6 {[%emt 0:05:11] Inhibits Qe4.} (24... bxc4 $14 25. Qxc4 Kh8 (25... Rxf2 $2 26. Nf4 $18)) 25. Ne7+ Kh8 26. R1e5 (26. cxb5 $16 Qxb5 27. Nf5) 26... Ng8 $11 27. Nf5 Qd7 28. Qe4 Nf6 (28... Rf6 $11) 29. Qd3 $16 {[%emt 0:01:36] and Nd6 should not be overlooked} Nh5 30. Nd6 $40 {[%emt 0:01:09][%cal Oe5h5][%mdl 128] White goes for the king.} bxc4 $2 {[%emt 0:06:37][%mdl 8192] Black cannot hold the game after this.} (30... Nf4 $16 {is a better chance.} 31. Nxf7+ Qxf7) 31. Nxf7+ $18 (31. bxc4 Nf4 32. Nxf7+ Qxf7 $16) 31... Qxf7 {[%emt 0:00:33] [#]} 32. Qf5 {[%emt 0:06:03][%mdl 512] Active counter play!} Nf6 (32... Qxf5 33. Rxf5 (33. bxc4 Qxf2+ 34. Kh2 Qg3+ 35. Kg1 Nf4 36. Kf1 Nxe6+ 37. Ke2 Qxe5+ 38. Kd1 Rf1+ 39. Kd2 Qe3+ 40. Kc2 Qc3#) 33... Nf6 34. bxc4 $18) (32... g6 33. Qxf7) 33. bxc4 Rd8 34. Rxc5 d3 {[%emt 0:01:07][%cal Bd4d3,Bd3d2][%mdl 32] ...d2 would now be deadly.} 35. Rd5 ({Inferior is} 35. Rxa6 d2 $17) 35... Rxd5 36. cxd5 d2 37. Qd3 (37. Rxa6 $2 d1=Q+ (37... d1=B $2 {is the wrong capture.} 38. Ra8+ $18) 38. Kh2 Qdxd5 39. Qxd5 Qxd5 $19) 37... Nxd5 38. Rd6 {[%emt 0:02:10] White threatens Rd8+ and mate.} Nc3 39. Rd8+ {[%emt 0:00:07] Weighted Error Value: White=0.24 (precise) /Black=0.60  Loses game:     	---       	Black=1      Mistake:       	White=2     	Black=3      Inaccurate:     	---       	Black=2      OK:         	White=15    	Black=10     Best:        	White=2     	Black=1      Strong:       	White=1     	---        Brilliant:      	White=1     	---} 1-0